TOP OF THE 1ST |
---|
Virginia Cavaliers batting - Pitching for Seton Hall Pirates : LHP Earnest Patterson | Pitching: LHP Earnest Patterson | | Batting: RHB Anthony Scott | 0-0: Called Strike 0-1: Ball 1-1: Foul Ball, location: 2F 1-2: Ball 2-2: Strikes out swinging | Batting: LHB Randy Pérez | 0-0: Called Strike 0-1: Ball 1-1: Ball 2-1: DOUBLE (Groundball, 3L) | Batting: LHB Jack Davis | 0-0: Ball 1-0: Foul Ball, location: 2F 1-1: Ground out 6-3 (Groundball, 6S) Randy Pérez to third | Batting: LHB António Machado | 0-0: Ground out 4-3 (Groundball, 4) | Top of the 1st over - 0 runs, 1 hit, 0 errors, 1 left on base; Virginia 0 - Seton Hall 0 | BOTTOM OF THE 1ST |
---|
Seton Hall Pirates batting - Pitching for Virginia Cavaliers : RHP Dave Lee | Pitching: RHP Dave Lee | | Batting: RHB Ken Horn | 0-0: Called Strike 0-1: Swinging Strike 0-2: SINGLE (Line Drive, 4MD) | Batting: LHB Joe Rutherford | 0-0: Called Strike 0-1: Called Strike 0-2: SINGLE (Groundball, 4MD) Ken Horn to second Runner from 2nd tries for 3rd, SAFE, no throw | Batting: SHB David Bennett | 0-0: Foul Ball, location: 2F 0-1: Ball 1-1: Fly out, F8 (Flyball, 8LD) Runner from 3rd tags up, SCORES, throw made | Batting: RHB Fernando Cuevas | 0-0: Ball 1-0: Ball 2-0: Ball 3-0: Called Strike 3-1: Base on Balls Joe Rutherford to second | Batting: LHB Vernon Riley | 0-0: Called Strike 0-1: Ball 1-1: Ball 2-1: Called Strike 2-2: SINGLE (Line Drive, 34) Joe Rutherford to third Fernando Cuevas to second Runner from 3rd tries for Home, SAFE, no throw | Batting: RHB Joe Lord | 0-0: Swinging Strike 0-1: Ball 1-1: Swinging Strike 1-2: Strikes out looking | Batting: RHB Ray Hernández | 0-0: Ball 1-0: Ball 2-0: Ball 3-0: SINGLE (Flyball, 78M) Fernando Cuevas to third Vernon Riley to second Runner from 3rd tries for Home, SAFE, no throw | Batting: LHB Turner Burns | 0-0: Fly out, F6 (Line Drive, 6) | Bottom of the 1st over - 3 runs, 4 hits, 0 errors, 2 left on base; Virginia 0 - Seton Hall 3 | TOP OF THE 2ND |
---|
Virginia Cavaliers batting - Pitching for Seton Hall Pirates : LHP Earnest Patterson | Batting: RHB Nick Stephenson | 0-0: Swinging Strike 0-1: Ground out 6-3 (Groundball, 6) | Batting: LHB Andrés Méndez | 0-0: Called Strike 0-1: Foul Ball, location: 2F 0-2: Ball 1-2: Strikes out swinging | Batting: RHB Mark Greene | 0-0: Foul Ball, location: 2F 0-1: Foul Ball, location: 2F 0-2: Ball 1-2: SINGLE (Groundball, 6MD) | Batting: SHB Ed Hall | 0-0: Called Strike 0-1: Fielders Choice at 2nd, 6-4 (Groundball, 6) | Top of the 2nd over - 0 runs, 1 hit, 0 errors, 1 left on base; Virginia 0 - Seton Hall 3 | BOTTOM OF THE 2ND |
---|
Seton Hall Pirates batting - Pitching for Virginia Cavaliers : RHP Dave Lee | Batting: RHB Chris Rigney | 0-0: Called Strike 0-1: Ball 1-1: SINGLE (Groundball, 4MD) | Batting: RHB Ken Horn | 0-0: Ball 1-0: Foul Ball, location: 2F 1-1: 2-RUN HOME RUN (Flyball, 9D), Distance : 356 ft | Batting: LHB Joe Rutherford | 0-0: Ball 1-0: Swinging Strike 1-1: Called Strike 1-2: Ball 2-2: Ball 3-2: Base on Balls | Batting: SHB David Bennett | 0-0: Called Strike 0-1: Fly out, F7 (Line Drive, 7D) | Batting: RHB Fernando Cuevas | 0-0: Ball 1-0: Foul Ball, location: 2F 1-1: Ball 2-1: Ball 3-1: Foul Ball, location: 2F 3-2: Base on Balls Joe Rutherford to second | Batting: LHB Vernon Riley | 0-0: Called Strike 0-1: Fly out, F7 (Line Drive, 7) | Batting: RHB Joe Lord | 0-0: Fielders Choice at 2nd, 5-4 (Groundball, 5L) | Bottom of the 2nd over - 2 runs, 2 hits, 0 errors, 2 left on base; Virginia 0 - Seton Hall 5 | TOP OF THE 3RD |
---|
Virginia Cavaliers batting - Pitching for Seton Hall Pirates : LHP Earnest Patterson | Batting: RHB Scott Hughes | 0-0: Swinging Strike 0-1: Ball 1-1: Foul Ball, location: 2F 1-2: Ball 2-2: Foul Ball, location: 2F 2-2: Ground out 6-3 (Groundball, 6M) | Batting: RHB Anthony Scott | 0-0: Ball 1-0: Foul Ball, location: 2F 1-1: Foul Ball, location: 2F 1-2: DOUBLE (Groundball, 3L) | Batting: LHB Randy Pérez | 0-0: Called Strike 0-1: Swinging Strike 0-2: Ball 1-2: Strikes out swinging | Batting: LHB Jack Davis | 0-0: Called Strike 0-1: Ball 1-1: Ball 2-1: Ball 3-1: Base on Balls | Batting: LHB António Machado | 0-0: Ball 1-0: Foul Ball, location: 2F 1-1: Ball 2-1: Ball 3-1: Ground out 1-3 (Groundball, 13) | Top of the 3rd over - 0 runs, 1 hit, 0 errors, 2 left on base; Virginia 0 - Seton Hall 5 | BOTTOM OF THE 3RD |
---|
Seton Hall Pirates batting - Pitching for Virginia Cavaliers : RHP Dave Lee | Batting: RHB Ray Hernández | 0-0: Swinging Strike 0-1: Ground out 1-3 (Groundball, 13) | Batting: LHB Turner Burns | 0-0: Swinging Strike 0-1: Called Strike 0-2: Ball 1-2: Ball 2-2: Ball 3-2: Ground out 6-3 (Groundball, 6) | Batting: RHB Chris Rigney | 0-0: Foul Ball, location: 2F 0-1: Foul Ball, location: 2F 0-2: Ball 1-2: Ball 2-2: Ball 3-2: Strikes out swinging | Bottom of the 3rd over - 0 runs, 0 hits, 0 errors, 0 left on base; Virginia 0 - Seton Hall 5 | TOP OF THE 4TH |
---|
Virginia Cavaliers batting - Pitching for Seton Hall Pirates : LHP Earnest Patterson | Batting: RHB Nick Stephenson | 0-0: Foul Ball, location: 2F 0-1: Swinging Strike 0-2: DOUBLE (Line Drive, 89D) | Batting: LHB Andrés Méndez | 0-0: Ball 1-0: Fly out, F8 (Flyball, 8RD) | Batting: RHB Mark Greene | 0-0: Called Strike 0-1: Ball 1-1: Called Strike 1-2: Ball 2-2: Ball 3-2: Foul Ball, location: 2F 3-2: Fly out, F7 (Flyball, 7LMF) | Batting: SHB Ed Hall | 0-0: Foul Ball, location: 2F 0-1: Foul Ball, location: 2F 0-2: Ball 1-2: Foul Ball, location: 2F 1-2: Strikes out swinging | Top of the 4th over - 0 runs, 1 hit, 0 errors, 1 left on base; Virginia 0 - Seton Hall 5 | BOTTOM OF THE 4TH |
---|
Seton Hall Pirates batting - Pitching for Virginia Cavaliers : RHP Dave Lee | Batting: RHB Ken Horn | 0-0: Fly out, F7 (Flyball, 7) | Batting: LHB Joe Rutherford | 0-0: Foul Ball, location: 2F 0-1: SINGLE (Groundball, 56D) | Batting: SHB David Bennett | 0-0: Ball 1-0: Ball 2-0: Called Strike 2-1: Foul Ball, location: 2F 2-2: Ball 3-2: Foul Ball, location: 2F 3-2: Fly out, F9 (Flyball, 9LMF) | Batting: RHB Fernando Cuevas | 0-0: Ball 1-0: Fly out, F8 (Line Drive, 78D) | Bottom of the 4th over - 0 runs, 1 hit, 0 errors, 1 left on base; Virginia 0 - Seton Hall 5 | TOP OF THE 5TH |
---|
Virginia Cavaliers batting - Pitching for Seton Hall Pirates : LHP Earnest Patterson | Batting: RHB Scott Hughes | 0-0: Ball 1-0: Foul Ball, location: 2F 1-1: Ball 2-1: TRIPLE (Line Drive, 78XD) | Batting: RHB Anthony Scott | 0-0: Ball 1-0: Called Strike 1-1: Ball 2-1: Fly out, F8 (Flyball, 89S) Runner from 3rd tags up, SCORES, no throw | Batting: LHB Randy Pérez | 0-0: Called Strike 0-1: Ball 1-1: DOUBLE (Line Drive, 78D) | Pitching: LHP Laurent Bélisle | | Batting: LHB Jack Davis | 0-0: Ball 1-0: Fly out, F5 (Popup, 5D) | Batting: LHB António Machado | 0-0: Called Strike 0-1: DOUBLE (Line Drive, 7LM) Randy Pérez scores | Batting: RHB Nick Stephenson | 0-0: Foul Ball, location: 2F 0-1: Swinging Strike 0-2: Ground out 6-3 (Groundball, 6M) | Top of the 5th over - 2 runs, 3 hits, 0 errors, 1 left on base; Virginia 2 - Seton Hall 5 | BOTTOM OF THE 5TH |
---|
Seton Hall Pirates batting - Pitching for Virginia Cavaliers : RHP Dave Lee | Batting: LHB Vernon Riley | 0-0: Ball 1-0: Called Strike 1-1: Called Strike 1-2: Foul Ball, location: 2F 1-2: SOLO HOME RUN (Line Drive, 9D), Distance : 374 ft | Pitching: RHP Michael Crosby | | Batting: RHB Joe Lord | 0-0: Ball 1-0: Ball 2-0: Fly out, F8 (Flyball, 8LXD) | Batting: RHB Ray Hernández | 0-0: Ball 1-0: Ground out 4-3 (Groundball, 4) | Batting: LHB Turner Burns | 0-0: Ball 1-0: Called Strike 1-1: Called Strike 1-2: Ball 2-2: Foul Ball, location: 2F 2-2: Strikes out looking | Bottom of the 5th over - 1 run, 1 hit, 0 errors, 0 left on base; Virginia 2 - Seton Hall 6 | TOP OF THE 6TH |
---|
Virginia Cavaliers batting - Pitching for Seton Hall Pirates : LHP Laurent Bélisle | Batting: LHB Andrés Méndez | 0-0: Ball 1-0: Ball 2-0: Called Strike 2-1: Foul Ball, location: 2F 2-2: Strikes out looking | Batting: RHB Mark Greene | 0-0: Ball 1-0: Swinging Strike 1-1: SINGLE (Groundball, 56D) | Batting: SHB Ed Hall | 0-0: Called Strike 0-1: Called Strike 0-2: Ball 1-2: Ball 2-2: Strikes out swinging | Batting: RHB Scott Hughes | 0-0: Called Strike 0-1: Ball 1-1: Called Strike 1-2: Ball 2-2: Foul Ball, location: 2F 2-2: Ball 3-2: Base on Balls Mark Greene to second | Batting: RHB Anthony Scott | 0-0: Ball 1-0: Foul Ball, location: 2F 1-1: Foul Ball, location: 2F 1-2: DOUBLE (Flyball, 8RD) Mark Greene scores Scott Hughes to third Runner from 3rd tries for Home, SAFE, no throw | Pitching: LHP Keith Case | | Batting: LHB Randy Pérez | 0-0: Ball 1-0: Reached on error, E6 (Groundball, 6D) Anthony Scott to third | Batting: LHB Jack Davis | 0-0: Fly out, F8 (Flyball, 8LD) | Top of the 6th over - 2 runs, 2 hits, 1 error, 2 left on base; Virginia 4 - Seton Hall 6 | BOTTOM OF THE 6TH |
---|
Seton Hall Pirates batting - Pitching for Virginia Cavaliers : RHP Michael Crosby | Batting: RHB Chris Rigney | 0-0: Called Strike 0-1: Ball 1-1: DOUBLE (Line Drive, 78D) | Batting: RHB Ken Horn | 0-0: SINGLE (Line Drive, 78S) Chris Rigney to third Runner from 3rd tries for Home, SAFE, throw made home | Batting: LHB Joe Rutherford | 0-0: Ball 1-0: Grounds into double play, 6-4-3 (Groundball, 6) | Batting: SHB David Bennett | 0-0: Called Strike 0-1: Foul Ball, location: 2F 0-2: Strikes out swinging | Bottom of the 6th over - 1 run, 2 hits, 0 errors, 0 left on base; Virginia 4 - Seton Hall 7 | TOP OF THE 7TH |
---|
Virginia Cavaliers batting - Pitching for Seton Hall Pirates : LHP Keith Case | Batting: LHB António Machado | 0-0: Called Strike 0-1: Called Strike 0-2: Foul Ball, location: 2F 0-2: Ball 1-2: Strikes out looking | Batting: RHB Nick Stephenson | 0-0: Called Strike 0-1: SINGLE (Groundball, 56D) | Batting: LHB Andrés Méndez | 0-0: Called Strike 0-1: Foul Ball, location: 2F 0-2: Ball 1-2: Ball 2-2: Strikes out looking | Batting: RHB Mark Greene | 0-0: Ball 1-0: Ball 2-0: Ball 3-0: Base on Balls Nick Stephenson to second | Batting: SHB Ed Hall | 0-0: Ball 1-0: Called Strike 1-1: Ball 2-1: Ball 3-1: SINGLE (Groundball, 34D) Nick Stephenson to third Mark Greene to second Runner from 3rd tries for Home, SAFE, no throw | Pinch Hitting: SHB Frank Sewell | 0-0: Ball 1-0: Ball 2-0: Foul Ball, location: 2F 2-1: Fly out, F7 (Flyball, 7D) | Top of the 7th over - 1 run, 2 hits, 0 errors, 2 left on base; Virginia 5 - Seton Hall 7 | BOTTOM OF THE 7TH |
---|
Seton Hall Pirates batting - Pitching for Virginia Cavaliers : RHP Michael Crosby | Now at SS: Fletcher Richardson | | Batting: RHB Fernando Cuevas | 0-0: Ball 1-0: Foul Ball, location: 2F 1-1: Ball 2-1: Ball 3-1: Base on Balls | Batting: LHB Vernon Riley | 0-0: Ball 1-0: Called Strike 1-1: Ball 2-1: Foul Ball, location: 2F 2-2: Foul Ball, location: 2F 2-2: Foul Ball, location: 2F 2-2: Strikes out swinging | Batting: RHB Joe Lord | 0-0: Called Strike 0-1: Ball 1-1: Foul Ball, location: 2F 1-2: Ball 2-2: Ball 3-2: Grounds into double play, 4-6-3 (Groundball, 4) | Bottom of the 7th over - 0 runs, 0 hits, 0 errors, 0 left on base; Virginia 5 - Seton Hall 7 | TOP OF THE 8TH |
---|
Virginia Cavaliers batting - Pitching for Seton Hall Pirates : LHP Keith Case | Batting: RHB Anthony Scott | 0-0: Ball 1-0: Swinging Strike 1-1: Ball 2-1: Foul Ball, location: 2F 2-2: Foul Ball, location: 2F 2-2: Strikes out swinging | Batting: LHB Randy Pérez | 0-0: Ball 1-0: Ball 2-0: Ground out U3 (Groundball, 3) | Batting: LHB Jack Davis | 0-0: Called Strike 0-1: SINGLE (Line Drive, 8RS) | Pitching: RHP Harley Sandberg | | Batting: LHB António Machado | 0-0: Ball 1-0: 2-RUN HOME RUN (Line Drive, 9D), Distance : 346 ft | Batting: RHB Nick Stephenson | 0-0: Ball 1-0: Fly out, F9 (Flyball, 9LSF) | Top of the 8th over - 2 runs, 2 hits, 0 errors, 0 left on base; Virginia 7 - Seton Hall 7 | BOTTOM OF THE 8TH |
---|
Seton Hall Pirates batting - Pitching for Virginia Cavaliers : RHP Michael Crosby | Pitching: RHP Jeff Paul | | Batting: RHB Ray Hernández | 0-0: Ball 1-0: Foul Ball, location: 2F 1-1: Ground out 6-3 (Groundball, 6) | Batting: LHB Turner Burns | 0-0: Called Strike 0-1: Ball 1-1: Swinging Strike 1-2: Ball 2-2: Foul Ball, location: 2F 2-2: Foul Ball, location: 2F 2-2: SINGLE (Groundball, 56D) (infield hit) | Batting: RHB Chris Rigney | 0-0: Sac Bunt - play at first, batter OUT! 3-4 Turner Burns to second | Batting: RHB Ken Horn | 0-0: Ball 1-0: Called Strike 1-1: Ball 2-1: Ball 3-1: Base on Balls | Batting: LHB Joe Rutherford | 0-0: Foul Ball, location: 2F 0-1: Ball 1-1: Ball 2-1: Ball 3-1: Base on Balls Turner Burns to third Ken Horn to second | Batting: SHB David Bennett | 0-0: Ball 1-0: Called Strike 1-1: Ball 2-1: SINGLE (Groundball, 4MD) Turner Burns scores Ken Horn to third Joe Rutherford to second Runner from 3rd tries for Home, throw and OUT! | Bottom of the 8th over - 1 run, 2 hits, 0 errors, 2 left on base; Virginia 7 - Seton Hall 8 | TOP OF THE 9TH |
---|
Virginia Cavaliers batting - Pitching for Seton Hall Pirates : RHP Harley Sandberg | Pitching: RHP Tom Skiffington | | Batting: LHB Andrés Méndez | 0-0: Called Strike 0-1: Ball 1-1: Ground out U3 (Groundball, 3) | Batting: RHB Mark Greene | 0-0: Called Strike 0-1: Called Strike 0-2: Foul Ball, location: 2F 0-2: Foul Ball, location: 2F 0-2: DOUBLE (Flyball, 89D) | Batting: SHB Ed Hall | 0-0: Called Strike 0-1: Called Strike 0-2: Fly out, F3 (Popup, 23F) | Batting: RHB Fletcher Richardson | 0-0: Ball 1-0: Ball 2-0: Ball 3-0: Base on Balls | Batting: RHB Anthony Scott | 0-0: Called Strike 0-1: Ball 1-1: Swinging Strike 1-2: SINGLE (Line Drive, 9S) Mark Greene to third Fletcher Richardson to second Runner from 3rd tries for Home, throw and OUT! | Top of the 9th over - 0 runs, 2 hits, 0 errors, 2 left on base; Virginia 7 - Seton Hall 8 | |